Cogmind - Beta 11 @@@ ROGUE MODE // 2022.04.07 @ 23:08:26 Player: Red Box Result: Self-destructed Performance ------------- Evolutions (2) 1000 Regions Visited (5) 1000 Robots Destroyed (48) 240 Value Destroyed (1140) 1140 Prototype IDs (25) 500 Alien Tech Used (0) 0 Bonus (304) 304 TOTAL SCORE: 4184 Bonus ------- High Alert Combat Kills 4 Aligned with FarCom 300 Cogmind --------- Core Integrity 518/550 Matter 300/300 Energy 265/265 System Corruption 0% Temperature Cool (0) Movement Rolling (110) Ox1 Location -8/Materials Parts ------- > --- POWER (1) -------- Improved Ion Engine > --- PROPULSION (4) --- Wheel Compact Wheel Compact Wheel Compact Wheel > --- UTILITY (4) ------ Improved Heat Sink High-capacity Storage Unit Target Analyzer Hardened Medium Armor Plating > --- WEAPON (2) ------- Improved EM Shotgun Improved EM Shotgun > --- INVENTORY (20) --- Improved Ion Engine Improved Hover Unit Improved Hover Unit Aerolev Unit Advanced Heat Sink High-capacity Storage Unit Compact Battery (200) Improved Terrain Scanner Improved Terrain Scan Processor Melee Analysis Suite ECM Suite Heavy Armor Plating Hardened Medium Armor Plating Insulated Plating Gauss Rifle Gauss Rifle Improved Grenade Launcher Longsword +1 Peak State ------------ > --- POWER ------------ Improved Ion Engine > --- PROPULSION ------- Compact Wheel Compact Wheel Compact Wheel Aerolev Unit > --- UTILITY ---------- Improved Heat Sink High-capacity Storage Unit Target Analyzer Hardened Medium Armor Plating > --- WEAPON ----------- Improved EM Shotgun Improved EM Shotgun > --- INVENTORY -------- Improved Ion Engine Wheel Improved Hover Unit Improved Hover Unit High-capacity Storage Unit Compact Battery Improved Terrain Scanner Melee Analysis Suite ECM Suite Heavy Armor Plating Hardened Medium Armor Plating Insulated Plating Ion Cannon Gauss Rifle Gauss Rifle Improved Grenade Launcher Katana Longsword +1 Heavy Explosive Trap [Rating: 30] Favorites ----------- Power Ion Engine Engine Ion Engine Propulsion Compact Wheel Treads Improved Treads Leg Aluminum Leg Wheel Compact Wheel Hover Unit Aerolev Unit Utility High-capacity Storage Unit Device Heat Sink Storage High-capacity Storage Unit Processor Target Analyzer Protection Hardened Light Armor Plating Weapon Medium Laser Energy Gun Medium Laser Ballistic Gun Light Assault Rifle Launcher Grenade Launcher Special Weapon Mining Laser Slashing Weapon Longsword +1 Build | -11 -10 -10 -10 -9 -8 ------- Run | Scr Mat Min Exi Min Mat Slots Evolved 4 | . . . . . 4 Power . | . . . . . . Propulsion 2 | . . . . . 2 Utility 2 | . . . . . 2 Weapon . | . . . . . . Parts Attached 51 | 7 13 6 . 3 22 Power 4 | 1 1 . . 1 1 Engine 4 | 1 1 . . 1 1 Core . | . . . . . . Reactor . | . . . . . . Propulsion 14 | 2 4 1 . . 7 Treads 2 | . . . . . 2 Leg 2 | 2 . . . . . Wheel 9 | . 4 1 . . 4 Hover 1 | . . . . . 1 Flight . | . . . . . . Utility 12 | 2 3 . . 1 6 Device 4 | 1 2 . . 1 . Storage 2 | 1 1 . . . . Processor 1 | . . . . . 1 Hackware . | . . . . . . Protection 5 | . . . . . 5 Artifact . | . . . . . . Weapon 21 | 2 5 5 . 1 8 Energy Gun 11 | . 3 3 . 1 4 Energy Cannon . | . . . . . . Ballistic Gun 2 | 2 . . . . . Ballistic Cannon . | . . . . . . Launcher 2 | . . 2 . . . Special Weapon 2 | . 2 . . . . Impact Weapon . | . . . . . . Slashing Weapon 4 | . . . . . 4 Piercing Weapon . | . . . . . . Special Melee Weapon . | . . . . . . Unidentified Prototypes 2 | . 1 . . . 1 Parts Lost 2 | . . 2 . . . Power . | . . . . . . Propulsion 1 | . . 1 . . . Utility . | . . . . . . Weapon 1 | . . 1 . . . Highest Loss Streak 2 | . . 2 . . . To Critical Strikes . | . . . . . . Average Slot Usage (%) 99 | . 99 99 100 100 98 Engine 12 | . 14 14 14 14 9 Leg 2 | . 8 . . . . Wheel 27 | . 18 27 28 28 34 Device 12 | . 14 14 14 14 9 Storage 12 | . 14 14 14 14 9 Processor 1 | . . . . . 5 Protection 4 | . . . . . 12 Energy Gun 23 | . 23 27 28 28 17 Naked Turns . | . . . . . . Heaviest Build 65 | 13 51 50 50 53 65 Greatest Support 58 | 20 32 32 32 32 58 Greatest Overweight (x) 1 | 1 1 1 1 1 1 Average Overweight (x) . | . . 1 1 1 . Largest Inventory Capacity 20 | 8 20 20 20 20 20 Average Capacity 17 | 7 13 20 20 20 20 Most Carried 20 | 8 20 20 20 20 20 Average Carried 16 | 6 11 19 19 19 19 Final Capacity 20 | 8 20 20 20 20 20 Final Carried 20 | 8 20 19 19 20 19 Class Distribution -------------------- 100% | Mutant Dominant Class ---------------- Mutant | -10/Materials Mutant | -10/Mines Mutant | -10/Exiles Mutant | -9/Mines Mutant | -8/Materials Resources | -11 -10 -10 -10 -9 -8 ----------- Run | Scr Mat Min Exi Min Mat Matter Collected 794 | 298 126 120 . 20 230 Remotely . | . . . . . . Salvage Created 1525 | 51 492 209 . . 773 Parts 99 | 5 30 22 . . 42 Haulers Intercepted 1 | . 1 . . . . Recyclers Shooed 2 | 1 . . . . 1 Parts Field Recycled . | . . . . . . Retrieved Matter . | . . . . . . Parts Self-Destructed . | . . . . . . Prevented . | . . . . . . Kills | -11 -10 -10 -10 -9 -8 ------- Run | Scr Mat Min Exi Min Mat Combat Hostiles Destroyed 37 | . 12 14 . . 11 Guns 27 | . 11 7 . . 9 AOE 8 | . . 7 . . 1 Classes Destroyed 10 | 1 5 . . . 4 Worker 1 | . . . . . 1 Builder 1 | . 1 . . . . Tunneler 2 | 2 . . . . . Hauler 1 | . 1 . . . . Recycler 1 | . . . . . 1 Watcher 5 | . 3 . . . 2 Swarmer 18 | . 6 12 . . . Grunt 12 | . 6 2 . . 4 Sentry 4 | . . . . . 4 Hunter 3 | . . . . . 3 Best Kill Streak 6 | 1 5 6 . . 3 Combat Bots Only 6 | . 5 6 . . 2 Max Kills in Single Turn 3 | 1 1 3 . . 1 Gunslinging . | . . . . . . Exploded 3 | . . 3 . . 1 Melee . | . . . . . . Uniques/NPCs Destroyed . | . . . . . . Combat | -11 -10 -10 -10 -9 -8 -------- Run | Scr Mat Min Exi Min Mat Damage Taken 991 | . 301 229 . . 461 Core 106 | . 42 32 . . 32 Absorbed by Shields . | . . . . . . Regen/Repaired (Parts) 20 | . 20 . . . . Core Remaining (%) 85 | 100 . . . 70 . Volleys Fired 127 | 17 55 16 . . 39 Largest 2 | 2 2 2 . . 2 Hottest 106 | 40 100 100 . . 106 Shots Fired 242 | 34 100 30 . . 78 Gun 226 | 34 90 24 . . 78 Cannon . | . . . . . . Launcher 6 | . . 6 . . . Special 10 | . 10 . . . . Kinetic 34 | 34 . . . . . Thermal 142 | . 100 24 . . 18 Explosive 6 | . . 6 . . . Electromagnetic 60 | . . . . . 60 Robot Hit Streak 18 | 7 14 11 . . 18 Robot Miss Streak 6 | 5 5 2 . . 6 Penetration Max . | . . . . . . Secondary Targets . | . . . . . . Shots Hit Robots 145 | 16 55 19 . . 55 Core Hits 82 | 6 24 17 . . 35 Critical Kills . | . . . . . . Critical Parts Destroyed . | . . . . . . Critical Strikes 8 | . 7 . . . 1 Burn 8 | . 7 . . . 1 Melee Attacks . | . . . . . . Impact . | . . . . . . Slashing . | . . . . . . Piercing . | . . . . . . Sneak Attacks . | . . . . . . Combat Hostiles . | . . . . . . Follow-up Attacks . | . . . . . . Damage Inflicted 2712 | 134 730 626 . . 1222 Guns 2075 | 134 706 218 . . 1017 Cannons . | . . . . . . Explosions 613 | . . 408 . . 205 Melee . | . . . . . . Ramming . | . . . . . . Kinetic 134 | 134 . . . . . Thermal 1288 | . 730 218 . . 340 Explosive 408 | . . 408 . . . Electromagnetic 882 | . . . . . 882 Impact . | . . . . . . Slashing . | . . . . . . Piercing . | . . . . . . Highest Corruption . | . . . . . . Average Corruption . | . . . . . . Corruption Purged . | . . . . . . Corruption Blocked . | . . . . . . Overload Shots . | . . . . . . Overflow Damage 6 | . . 3 . . 3 Projectiles . | . . . . . . Explosions 6 | . . 3 . . 3 Melee . | . . . . . . Knockbacks . | . . . . . . Impact . | . . . . . . Kinetic . | . . . . . . Secondary . | . . . . . . Self-Inflicted Damage 49 | . . 30 . . 19 Shots 2 | . . 1 . . 1 Rammed . | . . . . . . Targets Rammed . | . . . . . . Kicked . | . . . . . . Crushed . | . . . . . . Highest Temperature 171 | . 171 75 . . 90 Average Temperature 35 | . 42 30 . . 25 Received Heat Transfer 309 | . 78 42 . . 189 Siege Activations . | . . . . . . Robots Corrupted . | . . . . . . Combat Hostiles . | . . . . . . Parts Fried 2 | . . . . . 2 Impact Corruptions . | . . . . . . Robots Melted 2 | . 1 . . . 1 Combat Hostiles 2 | . 1 . . . 1 Parts Melted 9 | . 6 2 . . 1 Heat Transferred 3839 | . 2566 629 . . 644 Parts Sabotaged . | . . . . . . Parts Stolen . | . . . . . . Parts Stripped . | . . . . . . Power Chain Reactions 2 | . . . . . 2 Missiles Intercepted . | . . . . . . Alert | -11 -10 -10 -10 -9 -8 ------- Run | Scr Mat Min Exi Min Mat Peak Influence 462 | 10 277 462 . . 211 Initial 35 | . 6 35 . . . Average 125 | 4 140 331 . . 95 Maximum Alert Level 2 | . 1 2 . . 1 Low Security (%) 71 | 100 61 1 . 100 92 Level 1 25 | . 38 74 . . 7 Level 2 3 | . . 24 . . . Level 3 . | . . . . . . Level 4 . | . . . . . . Level 5 . | . . . . . . High Security . | . . . . . . Max Security . | . . . . . . Squads Dispatched 2 | . 1 . . . 1 Investigation 1 | . . . . . 1 Extermination . | . . . . . . Reinforcement 1 | . 1 . . . . Assault . | . . . . . . Garrison . | . . . . . . Intercept . | . . . . . . Searches Triggered . | . . . . . . Construction Impeded . | . . . . . . Haulers Reinforced . | . . . . . . Active Scanning Responses . | . . . . . . Cargo Convoy Interrupts . | . . . . . . Stealth | -11 -10 -10 -10 -9 -8 --------- Run | Scr Mat Min Exi Min Mat Distress Signals 5 | . 1 . . . 4 Communications Jammed . | . . . . . . Distress Signals . | . . . . . . Times Spotted 59 | . 17 14 . . 28 Peak Tracking Total 5 | . 5 3 . . 3 Tactical Retreats 4 | . 1 . . . 3 Traps | -11 -10 -10 -10 -9 -8 ------- Run | Scr Mat Min Exi Min Mat Traps Triggered 1 | . . . . . 1 Indirectly . | . . . . . . Trap Hack Attempts . | . . . . . . Triggered . | . . . . . . Disarmed 6 | . . . . . 6 Reprogrammed . | . . . . . . Reused 2 | . . . . . 2 Traps Extracted . | . . . . . . Installed 3 | . . . . . 3 Triggered 2 | . . . . . 2 Most Traps Carried 3 | . . . . 3 3 Machines | -11 -10 -10 -10 -9 -8 ---------- Run | Scr Mat Min Exi Min Mat Machines Disabled . | . . . . . . Max in Single Turn . | . . . . . . Machines Sabotaged . | . . . . . . Garrisons Compromised . | . . . . . . Overloaded Fab Kills . | . . . . . . Hacking | -11 -10 -10 -10 -9 -8 --------- Run | Scr Mat Min Exi Min Mat Machines Accessed 18 | . 9 . 3 . 6 Terminals 9 | . 6 . . . 3 Fabricators . | . . . . . . Repair Stations 1 | . 1 . . . . Recycling Units 4 | . 2 . . . 2 Scanalyzers 1 | . . . . . 1 Garrison Access . | . . . . . . Total Hacks 45 | . 24 . 3 . 18 Successful 33 | . 15 . 3 . 15 Failed 12 | . 9 . . . 3 Catastrophic 1 | . 1 . . . . Database Lockouts . | . . . . . . Manual 24 | . 17 . 1 . 6 Terminals 28 | . 19 . . . 9 Fabricators . | . . . . . . Repair Stations 2 | . 2 . . . . Recycling Units 8 | . 3 . . . 5 Scanalyzers 4 | . . . . . 4 Garrison Access . | . . . . . . Terminal Hacks 13 | . 6 . 3 . 4 Record 2 | . . . 2 . . Part Schematic 1 | . 1 . . . . Robot Analysis 3 | . 3 . . . . Terminal Index 1 | . 1 . . . . Unreport Threat 1 | . . . . . 1 Locate Traps 3 | . 1 . . . 2 Disarm Traps 1 | . . . . . 1 EX-Prototype ID Bank 1 | . . . 1 . . Fabricator Hacks . | . . . . . . Repair Station Hacks 2 | . 2 . . . . Scan Component 1 | . 1 . . . . Repair 1 | . 1 . . . . Recycling Unit Hacks 3 | . 1 . . . 2 Retrieve Components 3 | . 1 . . . 2 Scanalyzer 4 | . . . . . 4 Insert Component 2 | . . . . . 2 Analyze 2 | . . . . . 2 Garrison Access Hacks . | . . . . . . Unauthorized Hacks 11 | . 6 . . . 5 Terminals 9 | . 5 . . . 4 Track 2 | . 1 . . . 1 Botnet 5 | . 3 . . . 2 Operators 2 | . 1 . . . 1 Fabricators . | . . . . . . Repair Stations . | . . . . . . Recycling Units 2 | . 1 . . . 1 Reject 2 | . 1 . . . 1 Scanalyzers . | . . . . . . Garrison Access . | . . . . . . Data Cores Recovered . | . . . . . . Used . | . . . . . . Hacking Detections 13 | . 8 . . . 5 Full Trace Events 1 | . 1 . . . . Feedback Events . | . . . . . . Feedback Blocked . | . . . . . . Robot Schematics Acquired . | . . . . . . Robots Built . | . . . . . . Authchips . | . . . . . . Time . | . . . . . . Total Robot Build Rating . | . . . . . . Part Schematics Acquired 3 | . 1 . . . 2 Parts Built . | . . . . . . Authchips . | . . . . . . Time . | . . . . . . Total Part Build Rating . | . . . . . . Parts Repaired 1 | . 1 . . . . Time 26 | . 26 . . . . Parts Recycled . | . . . . . . Recycled Matter . | . . . . . . Retrieved Matter . | . . . . . . Retrieved Components 6 | . 3 . . . 3 Parts Scanalyzed 2 | . . . . . 2 Part Schematics Acquired 2 | . . . . . 2 Parts Damaged . | . . . . . . Bothacking | -11 -10 -10 -10 -9 -8 ------------ Run | Scr Mat Min Exi Min Mat Used RIF Installer . | . . . . . . Robots Hacked . | . . . . . . Non-combat . | . . . . . . Combat . | . . . . . . Robot Hacks Applied . | . . . . . . Relay Couplers Released . | . . . . . . Fabnet Peak Effective % . | . . . . . . Robots Rewired . | . . . . . . Allies Hacked . | . . . . . . Hacks Repelled . | . . . . . . Allies | -11 -10 -10 -10 -9 -8 -------- Run | Scr Mat Min Exi Min Mat Total Allies 1 | . . . . 1 . Largest Group 1 | . . . . 1 . Highest-Rated Group 31 | . . . . 31 . Highest-Rated Ally 31 | . . . . 31 . Total Orders . | . . . . . . Ally Attacks . | . . . . . . Total Damage . | . . . . . . Kills . | . . . . . . Allies Corrupted . | . . . . . . Allies Melted . | . . . . . . Intel | -11 -10 -10 -10 -9 -8 ------- Run | Scr Mat Min Exi Min Mat Robot Analysis Total 3 | . 3 . . . . Derelict Logs Recovered 3 | . . 2 . 1 . Drone Launches . | . . . . . . Drone Recoveries . | . . . . . . Exploration | -11 -10 -10 -10 -9 -8 ------------- Run | Scr Mat Min Exi Min Mat Turns Passed 4028 | 221 1090 557 329 515 1316 Spaces Moved 2727 | 126 735 419 285 418 744 Core 2 | 2 . . . . . Treads . | . . . . . . Legs 306 | 124 182 . . . . Wheels 2419 | . 553 419 285 418 744 Hover . | . . . . . . Flight . | . . . . . . Fastest Speed 50 | 50 90 115 115 115 95 Average Speed 112 | 126 106 115 115 115 111 Slowest Speed 190 | 190 120 115 115 115 115 Overloaded Moves . | . . . . . . Propulsion Burnouts . | . . . . . . Robots Hopped . | . . . . . . Cave-ins Triggered . | . . . . . . Exploration Rate (%) 61 | 5 95 68 63 82 55 Regions Visited 5 Branch Regions 3 Pre-discovered Areas 3 | . . 2 1 . . Known Exits Taken . | . . . . . . Unknown Exits Taken 5 | 1 1 1 1 1 . Scrap Searched 3 | . . 1 . 2 . Spaces Dug 7 | . 7 . . . . Terrain Destroyed 66 | . 7 51 . . 8 Melee . | . . . . . . Projectile 7 | . 7 . . . . AOE 59 | . . 51 . . 8 Terrain Rammed . | . . . . . . Walls Destroyed . | . . . . . . Machines Disabled . | . . . . . . Actions | -11 -10 -10 -10 -9 -8 --------- Run | Scr Mat Min Exi Min Mat Total 3442 | 157 926 462 286 453 1158 Wait 433 | . 87 21 . 24 301 Move 2722 | 125 734 418 284 417 744 Hop . | . . . . . . Pick Up 59 | 8 23 1 1 4 22 Fast Attach 16 | 7 2 . . 1 6 Attach 8 | . 1 2 . . 5 Detach . | . . . . . . Swap 27 | . 10 4 . 2 11 Drop 47 | . 14 . 1 5 27 Fire 127 | 17 55 16 . . 39 Melee . | . . . . . . Ram . | . . . . . . Kick . | . . . . . . Crush . | . . . . . . Escape Stasis . | . . . . . . Rewire . | . . . . . . Trap 3 | . . . . . 3 Miscellaneous . | . . . . . . Route ------- -11/Scrapyard -10/Materials (discovered 4 exits: [*Mat x3] / [*Min]) -10/Mines (discovered 3 exits: [*Mat x2] / *Exi) -10/Exiles -9/Mines -8/Materials (discovered 2 exits: [*Fac] / Sto) History --------- Turn | Location | Event 2 | -11/Scrapyard | Met Revision 17 11 | -11/Scrapyard | Discovered new exit (range 15) 222 | -11/Scrapyard | Entered Materials 286 | -10/Materials | Discovered new exit (range 7) 315 | -10/Materials | Build established: Mutant 415 | -10/Materials | Discovered new exit (range 16) 711 | -10/Materials | Discovered new exit (range 15) 921 | -10/Materials | Repaired Com. Wheel 1144 | -10/Materials | Discovered new exit (range 16) 1312 | -10/Materials | Entered Mines 1326 | -10/Mines | Met a Derelict bent on vengeance 1598 | -10/Mines | Discovered new exit (range 9) 1679 | -10/Mines | Discovered new exit (range 15) 1695 | -10/Mines | Deemed a non-threat by the Exiles lab entrance 1695 | -10/Mines | Discovered new exit (range 5) 1759 | -10/Mines | Learned location of Mines (-9) 1869 | -10/Mines | Entered Exiles 1897 | -10/Exiles | Met 8R-AWN 1915 | -10/Exiles | Met EX-HEX 1961 | -10/Exiles | Met EX-DEC 1970 | -10/Exiles | Learned location of Zion (-6) 1988 | -10/Exiles | Met EX-BIN 2006 | -10/Exiles | Aligned with FarCom system 2007 | -10/Exiles | Given EX-Vault access code 2035 | -10/Exiles | Opened EX-Vault 2044 | -10/Exiles | Found Longsword +1 2103 | -10/Exiles | Warned to stay clear of 0b10 Research branches 2185 | -10/Exiles | Discovered new exit (range 12) 2198 | -10/Exiles | Left Exiles lab with Longsword +1 2198 | -10/Exiles | Entered Mines 2209 | -9/Mines | Learned location of 1 exit from Materials 2389 | -9/Mines | Received a Mining Laser from a helpful Derelict 2432 | -9/Mines | Found a hidden stash of uninstalled traps 2527 | -9/Mines | Discovered new exit (range 8) 2713 | -9/Mines | Entered Materials 2713 | -8/Materials | Evolved 4 slots: Propulsion x2, Utility x2 2714 | -8/Materials | Identified exit to Storage 3503 | -8/Materials | Discovered new exit (range 15) 4029 | -8/Materials | Self-destructed Last Messages --------------- 03817_ U-05 Engineer builds a Wall. 03817_ K-01 Serf collects debris. 03821_ U-05 Engineer lays Concrete. 03822_ U-05 Engineer builds a Wall. 03822_ U-05 Engineer lays Concrete. 03827_ U-05 Engineer builds a Wall. 03827_ U-05 Engineer lays Concrete. 03831_ U-05 Engineer builds a Wall. 03834_ R-06 Scavenger collects Wheel. 03835_ U-05 Engineer builds a Wall. 03838_ R-06 Scavenger collects Corrupted Assault Rifle. 03966_ Dropped Katana. 03987_ R-06 Scavenger collects Katana. 04027_ O-24 Administrator: "IFF HANDSHAKE FAILED. SECURING TERMINAL." 04029_ Connecting with Terminal... >>Trojan(Botnet) Trojan loaded successfully. Testing... Terminal linked with 1 system. Awaiting botnet instructions. Map ----- +----------------------------------------------------+ | ????????????????????????????????????? | | ????????????????????????????????????? | | ????????????????????????????????????? | | ????????????????????????????????????? | | ????????????????????????????????????? | | ????????????????????????????????????? | | ???????????????????? ???????????????? | | ?????????????????? #####+????###### | | ??????????????? ???? | | ????????????? ??? | | ????????????? ** ??????? | | ???????? ????" ** ########### | | ?????? ???"" # """ # | | ?????# """"" # """ # | | ??? # """"" # """ + | | ???? # """ # # | | ????o/a # "" + | | ?????# # S"" # | | ?????? # "" # | | ???????# # % # | | ???????# ########### | | ???????# #?????????# | | ???????# #?????????# | | ???????# #?????????# | | ???????# "" !!! #????????## | | ???????# "T@ !!! ########## | | ???????# "" !!! a | | ???????+ | | ???????# | | ???????### #### ########## | | ?????????#+???###+#### #????????## | | ?????????????????????# #??######## | | ?????????????????????# #??# ==!%# | | ?????????????????????# #??# ==! # | | ?????????Y???????????# #??# == # | | ?????????????????????# #??# # | | ?????????????????????# #??# + | | ?????????????????????# #??# [ # | | ?????????????????????# ???######## | | ?????????????????????# ??????????# | | ?????????????????????? ??????????? | | ????????????????????????????????????? | | ????????????????????????????????????? | | ????????????????????????????????????? | | ????????????????????????????????????? | | ????????????????????????????????????? | | ????????????????????????????????????? | | ????????????????????????????????????? | | ????????????????????????????????????? | | ????????????????????????????????????? | +----------------------------------------------------+ Best States ------------- Heat Dissipation 45 Energy Generation 12 Energy Capacity 265 Matter Stores 300 Matter Capacity 300 Sight Range 16 Terrain Scan Range 16 Terrain Scan Density 10 Armor Coverage 300 Evasion (%) 55 Target Analysis 5 Item Schematics ----------------- Hcp. Storage Unit | -10/Materials | Hacked Aerolev Unit | -8/Materials | Scanalyzed Adv. Heat Sink | -8/Materials | Scanalyzed Robot Schematics ------------------ None Fabricated ------------ Nothing Alien Tech Used ----------------- None Achievements -------------- None Challenges ------------ None Game ------ Seed MatterMappingInsulator Manual? 0 Play Time 00:40:30 Cumulative 253.6 hours Start 2022.04.07 @ 22:15:15 End 2022.04.07 @ 23:08:26 Sessions 1 Manual Loads 0 Difficulty Rogue Special Mode None Game No. 218 Rogue 218 Adventurer 0 Explorer 0 Win Type - Total 0 Types 0/0/0/0/0/0/0/0/0 Lore% 48 Gallery% 54 Achievement% 39 Wizard Run 0 Options --------- ASCII 0 Keyboard 0 Movement Mouse Keybinds 0 Fullscreen 1 Font 16/SmallcapsGlow Map View 75x55 Tactical HUD 1 Map Filters NONE Filters NONE Steam 1 RUN: 994db69b-0ef4-4f4c-83d1-7bf9957905e5